 Dungeon Crawl Stone Soup version 0.18.1-8-gdd0e5ea (webtiles) character file.

8109 M4edhros the Martial Artist (level 11, -12/74 HPs)
             Began as an Octopode Necromancer on May 23, 2016.
             Was a Priest of Cheibriados.
             Mangled by a slime creature (19 damage)
             ... on level 12 of the Dungeon.
             The game lasted 00:41:00 (6245 turns).

M4edhros the Martial Artist (Octopode Necromancer)  Turns: 6245, Time: 00:41:28

Health: -12/74     AC:  6    Str: 15 (16) XL:     11   Next: 25%
Magic:  16/16      EV: 19    Int: 36 (37) God:    Cheibriados [***...]
Gold:   357        SH:  2    Dex: 24      Spells: 6 memorised, 1 level left

rFire  . . .     SeeInvis +       - Unarmed
rCold  . . .     Gourm    .     (no shield)
rNeg   . . .     Faith    .     (helmet restricted)
rPois  +         Spirit   .     (no amulet)
rElec  .         Dismiss  .     y - +2 ring of dexterity
rCorr  .         Reflect  .     x - +4 ring of intelligence
SustAt .         Harm     .     F - ring of poison resistance
MR     .....                    G - ring of see invisible
Stlth  ++++......               R - ring of wizardry
                                T - ring of Fiabbet {+Blink AC+3 Int+8}
                                (no ring)
                                (no ring)

@: lethally poisoned (-12 -> -14), about to teleport, very slow, not resistant
to hostile enchantments, stealthy
A: almost no armour, amphibious, 8 rings, constrict 8, tentacle spike 1, large
bone plates 1, camouflage 1, clever 1, deterioration 1, strong 1, gelatinous
body 1
a: Bend Time, Temporal Distortion, Renounce Religion, Evoke Blink


You were on level 12 of the Dungeon.
You worshipped Cheibriados.
Cheibriados was most pleased with you.
You were very hungry.

You visited 2 branches of the dungeon, and saw 13 of its levels.
You also visited: Labyrinth.

You collected 357 gold pieces.

Inventory:

Hand Weapons
 c - a +1 halberd of venom
 u - a +0 blowgun
 I - the +5 whip of Trog {slash, rPois}
   (You found it in a labyrinth)

   It inflicts extra damage upon your enemies.
   It protects you from poison.
 K - a +7 quick blade
Missiles
 e - 3 tomahawks of dispersal (quivered)
 i - 8 javelins
 l - 33 poisoned needles
Magical Staves
 H - an uncursed staff of power
Jewellery
 j - an uncursed ring of ice
 x - a +4 ring of intelligence (right tentacle)
 y - a +2 ring of dexterity (left tentacle)
 F - a ring of poison resistance (on tentacle)
 G - a ring of see invisible (on tentacle)
 R - a ring of wizardry (on tentacle)
 T - the ring of Fiabbet (on tentacle) {+Blink AC+3 Int+8}
   (You found it on level 12 of the Dungeon)

   [ring of protection]

   It affects your AC (+3).
   It affects your intelligence (+8).
   It lets you blink.
Wands
 g - a wand of teleportation (0/9)
 m - a wand of lightning (0/15)
 n - a wand of flame (21/48)
 p - a wand of polymorph (12/24)
 r - a wand of polymorph (6/24)
 s - a wand of paralysis (0/24)
 v - a wand of lightning (5/15)
 w - a wand of digging (13/24)
 z - a wand of disintegration (0/24)
 A - a wand of flame (26/48)
Scrolls
 d - 2 scrolls of noise {unknown}
 h - 5 scrolls of remove curse {unknown}
 k - 3 scrolls of amnesia
 q - a scroll of vulnerability {unknown}
 C - 2 scrolls of fear {unknown}
 D - a scroll of recharging {unknown}
 J - 2 scrolls of immolation
 M - a scroll of enchant weapon {unknown}
Potions
 o - 5 potions of flight
 t - a potion of haste
 N - a potion of curing
Books
 a - a book of Necromancy

   Spells                             Type                      Level
   a - Pain                           Necromancy                   1
   b - Animate Skeleton               Necromancy                   1
   c - Vampiric Draining              Necromancy                   3
   d - Regeneration                   Charms/Necromancy            3
   e - Animate Dead                   Necromancy                   4
   f - Control Undead                 Necromancy                   4
 B - a book of Ice

   Spells                             Type                      Level
   a - Ice Form                       Ice/Transmutation            4
   b - Metabolic Englaciation         Hexes/Ice                    5
   c - Ozocubu's Refrigeration        Ice                          6
   d - Bolt of Cold                   Conjuration/Ice              6
   e - Freezing Cloud                 Conjuration/Ice/Air          6
   f - Simulacrum                     Ice/Necromancy               6
 O - a book of Spatial Translocations

   Spells                             Type                      Level
   a - Apportation                    Translocation                1
   b - Blink                          Translocation                2
   c - Shroud of Golubria             Charms/Translocation         2
   d - Portal Projectile              Translocation                3
   e - Teleport Other                 Translocation                3
   f - Passage of Golubria            Translocation                4
Miscellaneous
 E - a plain deck of summoning {drawn: 3}
 S - a legendary deck of changes {drawn: 2}
Comestibles
 b - 6 bread rations
 f - 2 beef jerkies
 L - 22 chunks of flesh
 P - a slice of pizza
 Q - a meat ration


   Skills:
 + Level 6.5 Fighting
 + Level 7.0 Dodging
 - Level 2.6 Stealth
 - Level 10.8 Unarmed Combat
 - Level 2.0 Spellcasting
 - Level 4.0 Necromancy
 + Level 5.9 Transmutations
 + Level 7.6 Evocations


You had one spell level left.
You knew the following spells:

 Your Spells              Type           Power        Failure   Level  Hunger
a - Pain                  Necr           ####         1%          1    None
b - Animate Skeleton      Necr           N/A          1%          1    None
c - Ice Form              Ice/Trmt       ###.....     9%          4    ####...
d - Shroud of Golubria    Chrm/Tloc      #.........   4%          2    ##.....
e - Blink                 Tloc           N/A          4%          2    ##.....
r - Regeneration          Chrm/Necr      ###.......   4%          3    ###....


Dungeon Overview and Level Annotations

Branches:
Dungeon (12/15)            Temple (1/1) D:7            Lair (0/8) D:11
    Orc (0/2) D:9

Altars:
Cheibriados
Gozag
Makhleb
Nemelex Xobeh
Okawaru
Qazlal

Annotations:
D:4 Rationalist's ghost, amateur DsBe
D:11 Harold


Innate Abilities, Weirdness & Mutations

You cannot wear most types of armour.
You are amphibious.
You can wear up to eight rings at the same time.
You can use your tentacles to constrict eight enemies at once.
Your skin changes colour to match your surroundings (Stealth).
Your rubbery body absorbs attacks (AC +1).
One of your tentacles bears a spike.
You are partially covered in large bone plates (AC +2, SH +2).
Your mind is acute. (Int +2)
Your body sometimes deteriorates upon taking damage.
Your muscles are strong. (Str +2)


Message History

You feel sick. The killer bee misses you. The killer bee closely misses you.
The killer bee completely misses you.
A very large slime creature splits.
Your surroundings seem slightly different.
You feel sick.
A large slime creature splits.
Two slime creatures merge to form a large slime creature.
The killer bee completely misses you.
Evoke which item? (* to show all) (? for menu, Esc to quit)
Zapping:
g - a wand of teleportation (1/9)
Press: ? - help, Shift-Dir - straight line, f - you You feel strangely unstable.
This wand has 0 charges left.
You found a teleport trap!
The killer bee barely misses you. The slime creature barely misses you.
The killer bee completely misses you.
Really walk into that teleport trap?
You enter a teleport trap!
The teleport trap disappears.
Your surroundings seem slightly different.
You feel sick. The slime creature hits you.
* * * LOW HITPOINT WARNING * * *
The slime creature hits you but does no damage.
The slime creature hits you!!
You die...

###Z########## #. ##)#
## #))# #
##.############ ####
#(............# #...
#.....§.......# #...
#.....y.......# #...
#.....JJy.....# ......
#.....@J......###.##...
#..........§......##...
#.............#########
#.............#
#######.########
#.†......# ##.#####.#
#.. #y## #


You could see a large slime creature, 2 slime creatures and 2 killer bees.

Vanquished Creatures
  A minotaur (Lab)
  Pikel (D:9)
  An ugly thing (D:12)
  A cyclops (D:11)
  2 centaur zombies
  Psyche (D:8)
  A two-headed ogre (D:11)
  A minotaur skeleton (Lab)
  2 slime creatures (D:12)
  2 hungry ghosts (Lab)
  3 wyverns
  2 hippogriffs
  4 orc warriors
  An ice beast (D:10)
  3 sky beasts
  A necrophage (D:10)
  A phantom (D:6)
  3 ogres
  9 centaurs
  A big kobold (D:10)
  Blork the orc (D:6)
  3 giant frogs
  An earth elemental (Lab)
  3 scorpions
  2 killer bees (D:12)
  A spriggan skeleton (Lab)
  A troll skeleton (Lab)
  3 howler monkeys
  A giant frog zombie (D:5)
  2 crimson imps
  A jelly (D:6)
  2 hounds (D:10)
  4 orc priests
  A centaur skeleton (Lab)
  9 orc wizards
  Jessica (D:3)
  3 iguanas
  5 worker ants
  2 hound zombies
  6 gnolls
  5 adders
  A worm (D:2)
  2 giant geckos
  24 orcs
  3 bats
  2 giant cockroaches
  3 goblins (D:3)
  A quokka (D:5)
  A ball python (D:2)
  A jackal zombie (D:4)
  3 kobolds
  A plant (Lab)
140 creatures vanquished.

Vanquished Creatures (collateral kills)
  2 jellies
  A gnoll shaman (D:6)
  2 gnolls (D:6)
  An orc (D:10)
  A giant cockroach (D:5)
  A kobold (D:3)
8 creatures vanquished.

Vanquished Creatures (others)
  A slave (D:9)
  A plant (Lab)
2 creatures vanquished.

Grand Total: 150 creatures vanquished

Notes
Turn   | Place    | Note
--------------------------------------------------------------
     0 | D:1      | M4edhros the Octopode Necromancer began the quest for the Orb.
     0 | D:1      | Reached XP level 1. HP: 11/11 MP: 3/3
    21 | D:1      | Learned a level 1 spell: Animate Skeleton
   155 | D:2      | Reached skill level 1 in Unarmed Combat
   299 | D:3      | Noticed Jessica
   481 | D:3      | Killed Jessica
   481 | D:3      | Reached skill level 2 in Unarmed Combat
   481 | D:3      | Reached XP level 2. HP: 9/17 MP: 1/5
   481 | D:3      | Reached XP level 3. HP: 12/21 MP: 1/6
   486 | D:3      | Learned a level 3 spell: Regeneration
   546 | D:3      | Reached skill level 3 in Unarmed Combat
   777 | D:2      | Reached XP level 4. HP: 25/27 MP: 3/7
   904 | D:3      | Reached skill level 4 in Unarmed Combat
  1057 | D:4      | Reached XP level 5. HP: 29/31 MP: 4/8
  1114 | D:4      | Noticed Rationalist's ghost (amateur DsBe)
  1198 | D:5      | Entered Level 5 of the Dungeon
  1225 | D:5      | Reached skill level 5 in Unarmed Combat
  1228 | D:5      | Reached XP level 6. HP: 16/36 MP: 6/9
  1483 | D:5      | Reached skill level 6 in Unarmed Combat
  1776 | D:5      | Noticed an orc warrior
  1803 | D:6      | Killed an orc warrior
  1803 | D:6      | Reached skill level 7 in Unarmed Combat
  1803 | D:6      | Reached XP level 7. HP: 3/41 MP: 2/10
  1966 | D:6      | Noticed Blork the orc
  1972 | D:6      | Killed Blork the orc
  1972 | D:6      | Reached skill level 8 in Unarmed Combat
  2107 | D:6      | Reached XP level 8. HP: 28/46 MP: 3/11
  2146 | D:6      | Reached skill level 9 in Unarmed Combat
  2488 | D:7      | Reached skill level 1 in Fighting
  2488 | D:7      | Reached skill level 1 in Evocations
  2674 | D:7      | Found a staircase to the Ecumenical Temple.
  2693 | Temple   | Entered the Ecumenical Temple
  2697 | Temple   | Became a worshipper of Cheibriados the Contemplative
  2703 | D:7      | 2951 chei altar
  2795 | D:7      | Reached skill level 10 in Unarmed Combat
  2916 | D:8      | Noticed Psyche
  2983 | D:8      | Killed Psyche
  2983 | D:8      | Reached XP level 9. HP: 55/55 MP: 12/12
  3042 | D:8      | Learned a level 4 spell: Ice Form
  3079 | D:8      | Found a sparkling altar of Nemelex Xobeh.
  3204 | D:9      | Noticed Pikel
  3221 | D:9      | Killed Pikel
  3353 | D:9      | Found a staircase to the Orcish Mines.
  3357 | D:9      | Found an iron altar of Okawaru.
  3392 | D:9      | Reached * piety under Cheibriados
  3470 | D:10     | Entered Level 10 of the Dungeon
  3724 | D:11     | Reached skill level 5 in Evocations
  3724 | D:11     | Reached XP level 10. HP: 38/64 MP: 3/13
  3784 | D:11     | Found a labyrinth entrance.
  3798 | Lab      | Entered a labyrinth
  4481 | Lab      | Reached skill level 5 in Dodging
  4940 | Lab      | Noticed a minotaur
  4951 | Lab      | Killed a minotaur
  4951 | Lab      | Reached skill level 5 in Fighting
  4963 | Lab      | Got an ivory whip
  4964 | Lab      | Identified the +5 whip of Trog {slash, rPois} (You found it in a labyrinth)
  5250 | D:11     | Noticed a cyclops
  5312 | D:11     | Killed a cyclops
  5415 | D:11     | Found a staircase to the Lair.
  5477 | D:11     | Noticed Harold
  5549 | D:10     | Reached ** piety under Cheibriados
  5554 | D:10     | Reached skill level 5 in Transmutations
  5714 | D:10     | Learned a level 2 spell: Shroud of Golubria
  5717 | D:10     | Learned a level 2 spell: Blink
  5751 | D:10     | Reached XP level 11. HP: 67/72 MP: 12/16
  6037 | D:12     | Gained mutation: Your muscles are strong. (Str +2) [mutagenic meat]
  6038 | D:12     | Gained mutation: You are partially covered in large bone plates (AC +2, SH +2). [mutagenic meat]
  6039 | D:12     | Gained mutation: Your body sometimes deteriorates upon taking damage. [mutagenic meat]
  6040 | D:12     | Gained mutation: Your mind is acute. (Int +2) [mutagenic meat]
  6051 | D:12     | Noticed a brown ugly thing
  6061 | D:12     | Killed a brown ugly thing
  6069 | D:12     | Gained mutation: One of your tentacles bears a spike. [mutagenic meat]
  6093 | D:12     | Noticed a five-headed hydra
  6195 | D:12     | Got an ancient copper ring
  6196 | D:12     | Identified the ring of Fiabbet {+Blink AC+3 Int+8} (You found it on level 12 of the Dungeon)
  6230 | D:12     | Reached *** piety under Cheibriados
  6245 | D:12     | Mangled by a slime creature

Skill      XL: |  1  2  3  4  5  6  7  8  9 10 11 |
---------------+----------------------------------+-----
Unarmed Combat | 2 3 4 5 7 8 10 | 10.8
Fighting       | 2 4 6 |  6.5
Evocations     | 3 5 7 |  7.6
Dodging        | 3 4 6 7 |  7.0
Transmutations | 3 5 |  5.9
Stealth        | |  2.6
Spellcasting   | |  2.0
Necromancy     | |  4.0

Action                   |  1- 3 |  4- 6 |  7- 9 | 10-12 || total
-------------------------+-------+-------+-------+-------++-------
Melee: Unarmed           |    28 |    11 |       |   166 ||   205
       Constrict         |     9 |    18 |    25 |    20 ||    72
       Tentacles         |     2 |    10 |    35 |    60 ||   107
       Halberd           |       |    57 |   185 |    25 ||   267
       Punch             |       |     3 |     9 |    28 ||    40
       Kick              |       |       |       |    17 ||    17
 Cast: Pain              |     8 |     5 |       |     1 ||    14
       Animate Skeleton  |     4 |    12 |    18 |    16 ||    50
       Regeneration      |     4 |    21 |    32 |    43 ||   100
 Abil: Evoke Blink       |       |       |       |     4 ||     4
Evoke: Wand              |       |       |     6 |    26 ||    32
       Deck              |       |       |       |     5 ||     5
  Use: Potion            |     2 |     1 |     4 |     4 ||    11
       Scroll            |       |     5 |     1 |     7 ||    13
 Stab: Sleeping          |     3 |     2 |    13 |     6 ||    24
       Distracted        |       |       |     2 |     2 ||     4
       Paralysed         |       |       |     8 |     4 ||    12
       Invisible         |       |       |     4 |       ||     4
  Eat: Chunk             |       |     5 |    13 |    11 ||    29
       Bread ration      |       |     1 |       |     1 ||     2
       Meat ration       |       |       |       |     2 ||     2
Armor: Skin              |     2 |       |    39 |    10 ||    51
Dodge: Dodged            |    24 |    43 |   110 |   163 ||   340
Block: Other             |       |       |       |     3 ||     3
